 Dungeon Crawl Stone Soup version 0.26-a0-835-g8259106e14 (webtiles) character file.

Game seed: 12122893328747296348

154 Kinoniko the Chopper (level 5, -4/57 HPs)
             Began as a Demonspawn Gladiator on Nov 17, 2020.
             Killed from afar by an orc wizard (7 damage)
             ... with a puff of flame
             ... on level 3 of the Dungeon.
             The game lasted 00:02:07 (2056 turns).

Kinoniko the Chopper (Demonspawn Gladiator)         Turns: 2056, Time: 00:02:07

Health: -4/57      AC:  9    Str: 15    XL:     5   Next: 13%
Magic:  0/5        EV: 10    Int: 10    God:
Gold:   99         SH:  0    Dex: 14    Spells: 4/4 levels left

rFire    . . .     SeeInvis .   a - +0 war axe
rCold    . . .     Faith    .   (no shield)
rNeg     . . .     Spirit   +   r - +0 scale mail
rPois    .         Reflect  .   c - +0 helmet
rElec    .         Harm     .   (no cloak)
rCorr    .         Rampage  .   (no gloves)
MR       .....                  o - +0 pair of boots
Stlth    ..........             p - amulet of regeneration
HPRegen  0.59/turn              (no ring)
MPRegen  0.09/turn              (no ring)

@: berserking, attractive, very quick
A: talons 1, powered by pain 1, magic shield, sharp scales 1
a: no special abilities


You were on level 3 of the Dungeon.
You visited 1 branch of the dungeon, and saw 3 of its levels.

You collected 99 gold pieces.

Inventory:

Hand Weapons
 a - a +0 war axe (weapon)
Missiles
 d - 3 throwing nets (quivered)
Armour
 c - a +0 helmet (worn)
 o - a +0 pair of boots (worn)
 r - a +0 scale mail (worn)
Jewellery
 p - an amulet of regeneration (around neck)
Scrolls
 b - a scroll of fear {unknown}
 e - a scroll of fog {unknown}
 f - a scroll of enchant armour {unknown}
 g - a scroll of amnesia {unknown}
 h - 2 scrolls of magic mapping {unknown}
 k - 5 scrolls of teleportation {unknown}
 l - a scroll of remove curse {unknown}
 q - a scroll of immolation {unknown}
Potions
 i - 2 potions of attraction
 j - a potion of curing
 n - a potion of mutation {unknown}


   Skills:
 - Level 2.0 Fighting
 + Level 5.3 Axes
 - Level 1.7 Throwing
 - Level 2.6 Dodging


You had 4 spell levels left.
You didn't know any spells.
Your spell library was empty.

Dungeon Overview and Level Annotations

Branches:
Dungeon (3/15)

Altars:


Innate Abilities, Weirdness & Mutations

You have sharp toenails.
You sometimes gain a little power by taking damage.
When hurt, damage is shared between your health and your magic reserves.
You are partially covered in razor-sharp scales. (AC +1, Slay +1)


Message History

* * * LOW HITPOINT WARNING * * *
The orc priest hits you but does no damage.
You are too injured to fight recklessly!
Unknown command.
It was a potion of berserk rage.
A red film seems to cover your vision as you go berserk!
You feel yourself moving faster!
You feel mighty! The bat barely misses you.
Something hits you but does no damage. The orc hits you but does no damage.
The orc priest invokes the aid of Beogh against you.
Pain shoots through your body!
* * * LOW HITPOINT WARNING * * *
You slash the orc priest!
The orc priest is severely wounded.
You closely miss the orc priest. You closely miss the orc. You hit something.
The bat is pulled toward you! The bat closely misses you.
The orc priest misses you.
You hear some strange, mumbled words.
A puff of flame appears from out of thin air!
The puff of flame hits you!
You die...

........##.## ##
......#.....#...
#..............#####
#.######...........##
.>######...####..#..##.
......#.#######.......
#...####[.........
#.......){oo......
#....††#..###@o......
....##.#..## #†b......
.##......## #........
#....... .........
#...$.##.. #(.......
...... .. .........
..#..# ### ......!.. ##
.........


You could see 2 orc priests, an orc and a bat.

Vanquished Creatures
  A scorpion (D:2)
  A worker ant (D:3)
  3 adders (D:2)
  An ooze (D:1)
  2 worms (D:2)
  2 dart slugs (D:3)
  A leopard gecko (D:2)
  3 orcs (D:3)
  5 bats
  A giant cockroach (D:1)
  3 goblins (D:1)
  3 hobgoblins
  4 jackals (D:2)
  6 kobolds
  3 frilled lizards
  4 rats
43 creatures vanquished.

Notes
Turn   | Place    | Note
-------+----------+-------------------------------------------
     0 | D:1      | Kinoniko the Demonspawn Gladiator began the quest for the
                  | Orb.
     0 | D:1      | Reached XP level 1. HP: 16/16 MP: 1/1
   108 | D:1      | Reached skill level 3 in Axes
   399 | D:1      | Gained mutation: You sometimes gain a little power by
                  | taking damage. [demonic ancestry]
   399 | D:1      | Reached XP level 2. HP: 15/22 MP: 2/2
   999 | D:2      | Gained mutation: You are partially covered in razor-sharp
                  | scales. (AC +1, Slay +1) [demonic ancestry]
   999 | D:2      | Reached XP level 3. HP: 15/27 MP: 3/3
  1339 | D:2      | Reached skill level 4 in Axes
  1353 | D:2      | Found a faded altar of an unknown god.
  1405 | D:2      | Noticed a scorpion
  1410 | D:2      | Killed a scorpion
  1411 | D:2      | Gained mutation: When hurt, damage is shared between your
                  | health and your magic reserves. [demonic ancestry]
  1411 | D:2      | Reached XP level 4. HP: 32/33 MP: 4/4
  1828 | D:2      | Reached skill level 5 in Axes
  2014 | D:3      | Gained mutation: You have sharp toenails. [demonic
                  | ancestry]
  2014 | D:3      | Reached XP level 5. HP: 33/38 MP: 5/5
  2056 | D:3      | Killed from afar by an orc wizard

Illustrated notes

Levels and vault maps discovered:
D:1:      ncdulo_halloftheorcs, layout_loops_ring
D:2:      kennysheep_six_static_rooms, layout_loops_ring,
          chequers_ecumenical_altar_island
D:3:      layout_rooms

Skill      XL: |  1  2  3  4 |
---------------+-------------+-----
Axes           | 3 4 5 |  5.3
Fighting       | |  2.0
Throwing       | |  1.7
Dodging        | |  2.6

Action                   |  1- 3 |  4- 6 || total
-------------------------+-------+-------++-------
Melee: War axe           |    68 |    54 ||   122
  Use: Potion            |       |     3 ||     3
 Stab: Sleeping          |     2 |       ||     2
Armor: Leather armour    |    11 |       ||    11
       Ring mail         |    17 |    13 ||    30
       Scale mail        |       |    35 ||    35
Dodge: Dodged            |    49 |    35 ||    84

Table legend: (Time is in decaauts)
 A = Elapsed time spent in this place.
 B = Non-inter-level travel time spent in this place.
 C = Inter-level travel time spent in this place.
 D = Time resting spent in this place.
 E = Time spent auto-exploring this place.
 F = Levels seen in this place.
 G = Mean time per level.
                   A        B        C        D        E       F      G
               +--------+--------+--------+--------+--------+-----+--------+
         Total |   2094 |   2043 |     51 |    219 |   1491 |   3 |  698.0 |
       Dungeon |   2094 |   2043 |     51 |    219 |   1491 |   3 |  698.0 |
               +--------+--------+--------+--------+--------+-----+--------+

Top non-repeatable levels by time:
     D:2: 1094 daAuts
     D:1: 932 daAuts
     D:3: 67 daAuts
